 Dungeon Crawl Stone Soup version 0.20.1-1-g8b1a95d66d (webtiles) character file.

501 Gargoyl the Skirmisher (level 6, 0/56 HPs)
             Began as a Centaur Abyssal Knight on Dec 4, 2017.
             Was a Believer of Lugonu.
             Slain by a gnoll
             ... wielding a +5 spear
              (9 damage)
             ... on level 3 of the Dungeon.
             The game lasted 00:04:53 (2692 turns).

Gargoyl the Skirmisher (Centaur Abyssal Knight)     Turns: 2692, Time: 00:04:53

Health: 0/56       AC:  6    Str: 15    XL:     6   Next: 95%
Magic:  8/8        EV:  7    Int: 13    God:    Lugonu [**....]
Gold:   153        SH:  0    Dex: 10    Spells: 5/5 levels left

rFire    . . .     SeeInvis .   a - +1 hand axe
rCold    . . .     Gourm    .   (no shield)
rNeg     . . .     Faith    .   l - +0 scale mail
rPois    .         Spirit   .   (no helmet)
rElec    .         Reflect  .   (no cloak)
rCorr    .         Harm     .   (no gloves)
MR       .....                  (no barding)
Stlth    ..........             (no amulet)
Regen    0.2/turn               o - +2 ring of intelligence
MPRegen  0.2/turn               (no ring)

@: very quick
A: hooves 3, deformed body, speed 2, tough skin 3
a: Depart the Abyss, Bend Space, Renounce Religion


You were on level 3 of the Dungeon.
You worshipped Lugonu.
Lugonu was pleased with you.
You were not hungry.

You visited 1 branch of the dungeon, and saw 3 of its levels.
You visited the Abyss 1 time.

You collected 153 gold pieces.

Inventory:

Hand Weapons
 a - a +1 hand axe (weapon)
Missiles
 k - 2 tomahawks (quivered)
Armour
 l - a +0 scale mail (worn)
Jewellery
 o - a +2 ring of intelligence (left hand)
Wands
 j - a wand of polymorph (12/24)
Scrolls
 d - a scroll of identify
 n - a scroll of remove curse
Potions
 b - a potion of agility {unknown}
 e - 2 potions of invisibility {unknown}
 g - a potion of heal wounds
 h - a potion of curing {unknown}
 m - a potion of brilliance {unknown}
 p - a potion of cancellation {unknown}
 r - 2 potions of mutation {unknown}
Comestibles
 c - a bread ration
 i - a royal jelly
 q - 3 chunks of flesh


   Skills:
 + Level 5.1 Fighting
 + Level 3.7 Axes
 * Level 3.0 Armour
 + Level 1.1 Dodging
 * Level 3.4 Invocations


You had 5 spell levels left.
You didn't know any spells.

Dungeon Overview and Level Annotations

Branches:
Dungeon (3/15)

Altars:
Zin


Innate Abilities, Weirdness & Mutations

You have hooves in place of feet.
Armour fits poorly on your strangely shaped body.
You cover ground very quickly.
You have extremely tough skin. (AC +3)


Message History

The gnoll barely misses you.
Unknown command.
You closely miss the gnoll.
The gnoll hits you from afar with a halberd.
The gnoll hits you with an enchanted spear.
The gnoll hits you but does no damage.
Unknown command.
You hit the gnoll. Your kick misses the gnoll.
The gnoll is moderately wounded.
The gnoll completely misses you.
The gnoll hits you with an enchanted spear!
The gnoll barely misses you.
You slash the gnoll! Your kick misses the gnoll.
The gnoll is almost dead.
The gnoll hits you with an enchanted spear.
The gnoll hits you from afar with a halberd! x2
* * * LOW HITPOINT WARNING * * *
Unknown command.
The gnoll hits you from afar with an enchanted spear!
You die...

....# #.......# ...
....#######..#.### ....
##..#..........######....
#.##.######...#........
#.##'##.# #...#......#
#.#.....# #...#..gg..#
#.#...#.# #...#.g....#
#.#...#.# #..>#......#
#.#...#.# ##..)@.....+
#.#...#.# ####......#
#.#...#.# #......#
#.#...#.# #......#
#.#...#.# #......# #.#
#.# #...?..# #†# #.#
......... #.# #.#
.######## #.#####.#


You could see 3 gnolls.

Vanquished Creatures
  Grinder (D:3)
  A shadow (Abyss:2)
  Ijyb (D:3)
  Terence (D:3)
  A hound skeleton (D:3)
  2 adders
  A dart slug (D:1)
  3 worms
  11 leopard geckos
  An orc (D:3)
  7 bats
  2 giant cockroaches
  7 goblins
  8 hobgoblins
  4 jackals (D:3)
  2 quokkas (D:3)
  2 frilled lizards
  10 kobolds
  5 rats
  A plant (D:1)
71 creatures vanquished.

Notes
Turn   | Place    | Note
-------+----------+-------------------------------------------
     0 | Abyss:1  | Gargoyl the Centaur Abyssal Knight began the quest for the Orb.
     0 | Abyss:1  | Reached XP level 1. HP: 19/19 MP: 2/2
    18 | Abyss:2  | Found a corrupted altar of Lugonu.
    34 | Abyss:2  | Noticed a shadow
    38 | Abyss:2  | Noticed a flying skull
    39 | Abyss:2  | Noticed a flying skull
    40 | Abyss:2  | Noticed a flying skull
    41 | Abyss:2  | Killed a shadow
    41 | Abyss:2  | Reached skill level 4 in Fighting
    41 | Abyss:2  | Reached XP level 2. HP: 16/28 MP: 3/3
    41 | Abyss:2  | Reached XP level 3. HP: 19/34 MP: 4/4
    41 | Abyss:2  | Reached XP level 4. HP: 23/41 MP: 5/5
    41 | Abyss:2  | Reached XP level 5. HP: 26/47 MP: 6/6
    42 | D:1      | Escaped the Abyss
   291 | D:1      | Reached * piety under Lugonu
  1139 | D:2      | Reached ** piety under Lugonu
  1998 | D:3      | Noticed Ijyb
  2015 | D:3      | Killed Ijyb
  2015 | D:3      | Reached XP level 6. HP: 54/55 MP: 8/8
  2038 | D:3      | Found a glowing silver altar of Zin.
  2196 | D:3      | Noticed Grinder
  2215 | D:3      | Killed Grinder
  2215 | D:3      | Reached skill level 5 in Fighting
  2215 | D:3      | Reached skill level 1 in Dodging
  2432 | D:3      | Noticed Terence
  2441 | D:3      | Killed Terence
  2692 | D:3      | Slain by a gnoll

Skill      XL: |  1  2  3  4  5  6 |
---------------+-------------------+-----
Fighting       | 4 5 |  5.1
Axes           | 2 3 |  3.7
Armour         | 2 3 |  3.0
Dodging        | 1 |  1.1
Invocations    | 3 |  3.4

Action                   |  1- 3 |  4- 6 || total
-------------------------+-------+-------++-------
Melee: Hand axe          |     4 |   203 ||   207
       Kick              |     1 |    34 ||    35
       Unarmed           |       |     5 ||     5
Invok: Depart the Abyss  |       |     1 ||     1
  Use: Potion            |     1 |       ||     1
       Scroll            |       |     8 ||     8
  Eat: Chunk             |       |     4 ||     4
Armor: Leather armour    |     1 |     7 ||     8
       Ring mail         |       |    82 ||    82
       Skin              |       |     1 ||     1
       Scale mail        |       |    13 ||    13
Dodge: Dodged            |     1 |   111 ||   112
